 Dungeon Crawl Stone Soup version 0.28.0 (webtiles) character file.

Game seed: 8255777932152952455

288 PoweredByGinger the Chopper (level 6, -6/44 HPs)
             Began as a Demonspawn Gladiator on Feb 5, 2022.
             Mangled by an ogre (20 damage)
             ... on level 4 of the Dungeon.
             The game lasted 00:05:04 (4395 turns).

PoweredByGinger the Chopper (Demonspawn Gladiator)  Turns: 4395, Time: 00:05:04

Health: -6/44      AC:  8    Str: 16    XL:     6   Next: 9%
Magic:  0/6        EV: 10    Int: 10    God:
Gold:   170        SH:  0    Dex: 20    Spells: 5/5 levels left

rFire   . . .      SeeInvis .   a - +0 war axe
rCold   . . .      Faith    .   (no shield)
rNeg    . . .      Spirit   +   p - +0 scale mail
rPois   .          Reflect  .   c - +0 helmet
rElec   .          Harm     .   n - +0 cloak
rCorr   .          Rampage  .   (no gloves)
Will    .....                   (no boots)
Stlth   +++.......              (no amulet)
HPRegen 0.14/turn               (no ring)
MPRegen 0.20/turn               (no ring)

@: no status effects
A: thin skeletal structure 3, magic shield, magic regeneration
a: no special abilities


You were on level 4 of the Dungeon.
You visited 1 branch of the dungeon, and saw 4 of its levels.

You collected 170 gold pieces.

Inventory:

Hand Weapons
 a - a +0 war axe (weapon)
Missiles
 b - 2 poisoned darts
 d - 3 throwing nets (quivered)
 m - 43 arrows
 o - 27 bolts
 v - 4 boomerangs
Armour
 c - a +0 helmet (worn)
 n - a +0 cloak (worn)
 p - a +0 scale mail (worn)
Wands
 r - a wand of acid (12)
Scrolls
 e - 2 scrolls of identify {unknown}
 f - a scroll of amnesia {unknown}
 g - a scroll of brand weapon {unknown}
 i - a scroll of noise {unknown}
 s - a scroll of blinking {unknown}
 t - a scroll of holy word {unknown}
Potions
 h - a potion of magic {unknown}
 j - a potion of degeneration {unknown}
 k - a potion of cancellation {unknown}
 l - a potion of curing {unknown}
 q - a potion of resistance {unknown}
 u - a potion of brilliance {unknown}


   Skills:
 - Level 2.0 Fighting
 + Level 6.3 Axes
 - Level 1.7 Throwing
 - Level 2.6 Dodging


You had 5 spell levels left.
You didn't know any spells.
Your spell library contained the following spells:

 Spells                   Type           Power      Damage    Failure   Level
 Beastly Appendage        Tmut           0%         N/A       82%         1
 Slow                     Hex            0%         N/A       82%         1
 Wereblood                Tmut           0%         N/A       91%         2
 Confusing Touch          Hex            0%         N/A       99%         3
 Spider Form              Tmut/Pois      0%         N/A       99%         3
 Vampiric Draining        Necr           0%         2d6       99%         3


Dungeon Overview and Level Annotations

Branches:
Dungeon (4/15)
 Temple: D:4-7

Altars:
Elyvilon
Qazlal
Vehumet
The Shining One


Innate Abilities, Weirdness & Mutations

You have an unnaturally thin skeletal structure. (Dex +6, Stealth+++)
When hurt, damage is shared between your health and your magic reserves.
You regenerate magic rapidly.


Message History

The ogre hits you but does no damage.
You slash the ogre!
The ogre is almost dead.
The ogre closely misses you.
You hit the ogre.
You kill the ogre!
Your Axes skill increases to level 6!
You have reached level 6!
Your demonic ancestry asserts itself...
Your bones become less dense.
Save game and exit?
Okay, then.
You pick up a book of Changes and begin reading...
You add the spells Beastly Appendage, Wereblood and Spider Form to your library.
You see here a +0 giant club.
You open the door.
There is an open door here.
You open the door.
There is an open door here.
An ogre comes into view. It is wielding a +0 giant club.
An ogre is nearby!
An ogre is nearby!
The helpless ogre fails to defend itself.
You slash the ogre!
The ogre is heavily wounded.
The ogre hits you with a +0 giant club.
You hit the ogre. You punch the ogre.
The ogre is severely wounded.
The ogre hits you with a +0 giant club!!
Ouch! That really hurt!
You are too injured to fight recklessly!
You are too injured to fight recklessly!
You are too injured to fight recklessly!
You barely miss the ogre.
The ogre is severely wounded.
The ogre hits you with a +0 giant club.
You hit the ogre.
The ogre is almost dead.
The ogre hits you with a +0 giant club!!
You die...

# .# #### ##.# ... ...#
###O#####.#.### ###
#...@.........# #..#
#.#.####..#.#.####.#.
#.#.####..#.#.##...##
#.#.#..........+...##
####.#.####..#.#.##...##
#....#.####..#.#.##...#.
#....+.......#.#.##....#
#....#...........##.....
#....#......####.###.###


You could see an ogre.

Vanquished Creatures
  An ogre (D:4)
  An orc wizard (D:3)
  10 adders
  An ufetubus (D:4)
  A worm (D:4)
  An adder skeleton (D:4)
  3 dart slugs (D:1)
  3 orcs
  7 endoplasms
  3 giant cockroaches
  5 hobgoblins
  2 jackals (D:2)
  2 quokkas
  4 ball pythons
  6 bats
  5 frilled lizards
  11 goblins
  6 kobolds
  2 rats (D:1)
74 creatures vanquished.

Vanquished Creatures (others)
  5 plants (D:3)
5 creatures vanquished.

Grand Total: 79 creatures vanquished

Notes
Turn   | Place    | Note
-------+----------+-------------------------------------------
     0 | D:1      | PoweredByGinger the Demonspawn Gladiator began the quest
                  | for the Orb.
     0 | D:1      | Reached XP level 1. HP: 16/16 MP: 1/1
   156 | D:1      | Reached skill level 3 in Axes
   191 | D:1      | Gained mutation: You regenerate magic rapidly. [demonic
                  | ancestry]
   191 | D:1      | Reached XP level 2. HP: 6/22 MP: 2/2
   728 | D:1      | Found a faded altar of an unknown god.
  1007 | D:1      | Gained mutation: When hurt, damage is shared between your
                  | health and your magic reserves. [demonic ancestry]
  1007 | D:1      | Reached XP level 3. HP: 22/27 MP: 3/3
  1409 | D:1      | Reached skill level 4 in Axes
  2007 | D:2      | Gained mutation: You have a somewhat thin skeletal
                  | structure. (Dex +2, Stealth+) [demonic ancestry]
  2007 | D:2      | Reached XP level 4. HP: 32/33 MP: 4/4
  2537 | D:3      | Reached skill level 5 in Axes
  2589 | D:3      | Gained mutation: You have a moderately thin skeletal
                  | structure. (Dex +4, Stealth++) [demonic ancestry]
  2589 | D:3      | Reached XP level 5. HP: 9/38 MP: 1/5
  3315 | D:3      | Found a radiant altar of Vehumet.
  3920 | D:4      | Identified the +0 leather armour of Instinct {rC+ Str+6
                  | Int-4}
  4235 | D:4      | Found a stormy altar of Qazlal.
  4322 | D:4      | Noticed an ogre
  4326 | D:4      | Killed an ogre
  4327 | D:4      | Reached skill level 6 in Axes
  4327 | D:4      | Gained mutation: You have an unnaturally thin skeletal
                  | structure. (Dex +6, Stealth+++) [demonic ancestry]
  4327 | D:4      | Reached XP level 6. HP: 44/44 MP: 6/6
  4395 | D:4      | Mangled by an ogre

Illustrated notes

Levels and vault maps discovered:
D:1:      co_arrival_square_in_a_square_in_a_square, layout_basic,
          basic_ecumenical_altar, fountainhead, minmay_misc_feat_alley,
          grunt_decor_fettered
D:2:      layout_basic
D:3:      layout_loops_corners, mainiacjoe_overflow_concentric_impassable,
          hangedman_glass_teeth, serial_bayou_lake_a
D:4:      layout_basic, tso_metal_star, gammafunk_temple_overflow_pools,
          hex_intersection, minmay_misc_feat_secret_circle

Skill      XL: |  1  2  3  4  5 |
---------------+----------------+-----
Axes           | 3 4 5 6 |  6.3
Fighting       | |  2.0
Throwing       | |  1.7
Dodging        | |  2.6

Action                   |  1- 3 |  4- 6 || total
-------------------------+-------+-------++-------
Melee: War axe           |   110 |   113 ||   223
       Punch             |     1 |     1 ||     2
 Stab: Sleeping          |     1 |     7 ||     8
Armor: Leather armour    |    42 |     8 ||    50
       Scale mail        |       |    23 ||    23
Dodge: Dodged            |    65 |    60 ||   125
